 Dungeon Crawl Stone Soup version 0.29-a0-323-g050149af67 (webtiles) character file.

Game seed: 8964559615505885058

2278 Jortsu the Shield-Bearer (level 9, -8/74 HPs)
             Began as a Gnoll Fighter on Apr 10, 2022.
             Was an Initiate of Wu Jian.
             Mangled by a komodo dragon (19 damage)
             ... on level 6 of the Dungeon.
             The game lasted 00:13:11 (7313 turns).

Jortsu the Shield-Bearer (Gnoll Fighter)            Turns: 7313, Time: 00:13:11

Health: -8/74      AC: 19    Str: 20    XL:     9   Next: 39%
Magic:  15/15      EV:  7    Int:  8    God:    Wu Jian [......]
Gold:   212        SH:  5    Dex: 11    Spells: 16/16 levels left

rFire   . . .      SeeInvis .   a - +1 war axe
rCold   . . .      Faith    .   c - +0 buckler
rNeg    . . .      Spirit   .   e - +0 plate armour
rPois   .          Reflect  .   (no helmet)
rElec   .          Harm     .   n - +1 cloak
rCorr   .          Rampage  .   (no gloves)
Will    .....                   s - +2 pair of boots
Stlth   ..........              (no amulet)
HPRegen 0.22/turn               (no ring)
MPRegen 0.14/turn               (no ring)

@: no status effects
A: fangs 1, strong nose, distributed training
a: Renounce Religion


You were on level 6 of the Dungeon.
You worshipped Wu Jian.
Wu Jian was noncommittal.
You visited 2 branches of the dungeon, and saw 7 of its levels.
You also visited: Sewer.

You collected 352 gold pieces.
You spent 140 gold pieces at shops.

Inventory:

Hand Weapons
 a - a +1 war axe (weapon)
Missiles
 t - 2 throwing nets (quivered)
Armour
 c - a +0 buckler (worn)
 e - a +0 plate armour (worn)
 j - an orb of mayhem
 n - a +1 cloak (worn)
 s - a +2 pair of boots (worn)
Jewellery
 d - a ring of protection from cold
 u - a ring of wizardry
 w - an amulet of guardian spirit
Wands
 i - a wand of polymorph (14)
 o - a wand of iceblast (21)
Scrolls
 f - 2 scrolls of torment
 g - a scroll of enchant weapon
 m - 2 scrolls of identify
 r - a scroll of blinking
Potions
 b - 5 potions of curing
 h - 2 potions of flight
 k - 2 potions of heal wounds
 l - 4 potions of attraction
 p - a potion of haste
 q - a potion of mutation
 v - a potion of cancellation


   Skills:
 + Level 7.9 Fighting
 + Level 4.2 Short Blades
 + Level 4.2 Long Blades
 + Level 6.3 Axes
 + Level 4.2 Maces & Flails
 + Level 4.2 Polearms
 + Level 4.2 Staves
 + Level 4.2 Slings
 + Level 4.2 Bows
 + Level 4.2 Crossbows
 + Level 4.2 Throwing
 + Level 7.9 Armour
 + Level 4.2 Dodging
 + Level 4.2 Stealth
 + Level 7.9 Shields
 + Level 4.2 Unarmed Combat
 + Level 4.2 Spellcasting
 + Level 3.4 Conjurations
 + Level 3.4 Hexes
 + Level 3.4 Summonings
 + Level 3.4 Necromancy
 + Level 3.4 Translocations
 + Level 3.4 Transmutations
 + Level 3.4 Fire Magic
 + Level 3.4 Ice Magic
 + Level 3.4 Air Magic
 + Level 3.4 Earth Magic
 + Level 3.4 Poison Magic
 + Level 4.6 Invocations
 + Level 4.2 Evocations


You had 16 spell levels left.
You didn't know any spells.
Your spell library contained the following spells:

 Spells                   Type           Power      Damage    Failure   Level
 Magic Dart               Conj           28%        1d4       86%         1
 Call Imp                 Summ           7%         N/A       95%         2
 Corpse Rot               Necr/Air       14%        N/A       95%         2
 Poisonous Vapours        Pois/Air       14%        N/A       95%         2
 Searing Ray              Conj           14%        2d5       95%         2
 Mephitic Cloud           Conj/Pois/Air  7%         N/A       99%         3
 Ozocubu's Armour         Ice            7%         N/A       99%         3
 Fulminant Prism          Conj/Hex       3%         3d6       100%        4
 Ice Form                 Ice/Tmut       7%         N/A       100%        4
 Blade Hands              Tmut           3%         N/A       100%        5
 Irradiate                Conj/Tmut      3%         3d14      100%        5
 Yara's Violent Unravell  Hex/Tmut       3%         3d4       100%        5
 Dragon Form              Tmut           3%         N/A       100%        7


Dungeon Overview and Level Annotations

Branches:
Dungeon (6/15)             Temple (1/1) D:6           Sewer (visited)

Altars:
Ashenzari
Cheibriados
Dithmenos
Fedhas
Kikubaaqudgha
Makhleb
Nemelex Xobeh
Qazlal
Ru
Uskayaw
Vehumet
Wu Jian
Xom
The Shining One

Shops:
D:2 (   D:5 ?


Innate Abilities, Weirdness & Mutations

You have very sharp teeth.
Your uncanny sense of smell can sniff out nearby items.
Your experience applies equally to all skills.


Message History

You barely miss the quasit.
The quasit bites you but does no damage.
The quasit claws you but does no damage. x2
The kobold demonologist barely misses you.
You slash the kobold demonologist!
The kobold demonologist is almost dead.
You barely miss the quasit.
The quasit bites you but does no damage.
You block the quasit's attack. x2
The kobold demonologist casts a spell.
The quasit bites you but does no damage.
The quasit closely misses you.
The quasit claws you but does no damage.
You block the kobold demonologist's attack.
You hit the kobold demonologist.
You kill the kobold demonologist!
The Council accepts your kill.
The white imp disappears in a puff of smoke!
The red devil disappears in a puff of smoke!
The quasit disappears in a puff of smoke!
The komodo dragon bites you!!
You completely miss the komodo dragon. The komodo dragon bites you!
You hit the komodo dragon.
The komodo dragon is lightly wounded.
The komodo dragon bites you!
You slash the komodo dragon! Your bite misses the komodo dragon.
The komodo dragon is moderately wounded.
You block the komodo dragon's attack.
You hit the komodo dragon but do no damage.
The komodo dragon is moderately wounded.
You block the komodo dragon's attack. x2
You hit the komodo dragon.
The komodo dragon is moderately wounded.
The komodo dragon bites you!
* * * LOW HITPOINT WARNING * * *
You hit the komodo dragon.
You bite the komodo dragon, but do no damage.
The komodo dragon is moderately wounded.
The komodo dragon bites you!!
You die...

#######..).......# #......#.# #
.................# ##.#####.# #
.................# #.# #.# ##
#...##...........# #.# #.# #.
..#..##.........### #.# #.# #.
..##......#####...####.#####.###.
..###.############...............
........##.....l.##....#####.##..
....>...# #@[####........#.#
#..##.### ∆ #.## #.#####....#
...##.# ####.# #.# ##.#.. ##.#..#
##.#.#####.######.#.. .....##
##.#.#.#.........#.#.. ....#####
#.######.........#...#
........#..##.#.#.#.#...........#
...#....##..........#.######.#..#
..<..#.##############.# #..#..#


You could see a komodo dragon.

Vanquished Creatures
  A kobold demonologist (D:6)
  Sigmund (D:2)
  Eustachio (D:5)
  A water moccasin (D:6)
  Pargi (Sewer)
  2 ice beasts (D:6)
  A black bear (D:5)
  A phantom (D:4)
  2 kobold brigands (D:6)
  A bullfrog (D:6)
  A necrophage (D:6)
  A scorpion (D:3)
  5 orc priests
  6 hounds
  Crazy Yiuf (D:2)
  2 jellies
  Jessica (D:3)
  An iguana (D:6)
  Ijyb (D:3)
  3 orc wizards
  A mummy (D:3)
  7 gnolls (D:5)
  7 adders
  2 river rats (D:5)
  2 shadow imps
  3 worms
  2 dart slugs (D:2)
  18 orcs
  7 ball pythons
  5 endoplasms
  5 giant cockroaches
  8 goblins
  2 hobgoblins
  2 jackals (D:3)
  15 kobolds
  3 quokkas
  17 bats
  9 frilled lizards
  7 rats
156 creatures vanquished.

Vanquished Creatures (others)
  A human (D:6)
  An orc (D:3)
2 creatures vanquished.

Grand Total: 158 creatures vanquished

Notes
Turn   | Place    | Note
-------+----------+-------------------------------------------
     0 | D:1      | Jortsu the Gnoll Fighter began the quest for the Orb.
     0 | D:1      | Reached XP level 1. HP: 23/23 MP: 1/1
   210 | D:1      | Reached XP level 2. HP: 29/29 MP: 2/2
   295 | D:1      | Found a faded altar of an unknown god.
   300 | D:1      | Prayed at the altar of an unknown god.
   300 | D:1      | Became a worshipper of Uskayaw the Reveller
   300 | D:1      | Reached * piety under Uskayaw
   301 | D:1      | Fell from the grace of Uskayaw
  1116 | D:2      | Reached XP level 3. HP: 32/35 MP: 3/3
  1277 | D:2      | Reached skill level 1 in Invocations
  1355 | D:2      | Found Qusuamuy's Antique Weapon Boutique.
  1372 | D:2      | Noticed Sigmund
  1375 | D:2      | Paralysed by the fury of Uskayaw for 4 turns
  1386 | D:2      | Killed Sigmund
  1387 | D:2      | Reached skill level 1 in Short Blades
  1387 | D:2      | Reached skill level 1 in Long Blades
  1387 | D:2      | Reached skill level 1 in Maces & Flails
  1387 | D:2      | Reached skill level 1 in Polearms
  1387 | D:2      | Reached skill level 1 in Staves
  1387 | D:2      | Reached skill level 1 in Slings
  1387 | D:2      | Reached skill level 1 in Bows
  1387 | D:2      | Reached skill level 1 in Crossbows
  1387 | D:2      | Reached skill level 1 in Throwing
  1387 | D:2      | Reached skill level 1 in Dodging
  1387 | D:2      | Reached skill level 1 in Stealth
  1387 | D:2      | Reached skill level 1 in Unarmed Combat
  1387 | D:2      | Reached skill level 1 in Spellcasting
  1387 | D:2      | Reached skill level 1 in Conjurations
  1387 | D:2      | Reached skill level 1 in Hexes
  1387 | D:2      | Reached skill level 1 in Summonings
  1387 | D:2      | Reached skill level 1 in Necromancy
  1387 | D:2      | Reached skill level 1 in Translocations
  1387 | D:2      | Reached skill level 1 in Transmutations
  1387 | D:2      | Reached skill level 1 in Fire Magic
  1387 | D:2      | Reached skill level 1 in Ice Magic
  1387 | D:2      | Reached skill level 1 in Air Magic
  1387 | D:2      | Reached skill level 1 in Earth Magic
  1387 | D:2      | Reached skill level 1 in Poison Magic
  1387 | D:2      | Reached skill level 1 in Evocations
  1387 | D:2      | Reached XP level 4. HP: 40/41 MP: 4/6
  1387 | D:2      | Reached XP level 5. HP: 46/47 MP: 4/7
  1543 | D:2      | Found a runed translucent door.
  1543 | D:2      | Noticed Crazy Yiuf
  1554 | D:2      | Killed Crazy Yiuf
  1555 | D:2      | Reached XP level 6. HP: 9/53 MP: 8/8
  1880 | D:3      | Noticed Jessica
  1888 | D:3      | Killed Jessica
  1900 | D:3      | Reached skill level 5 in Axes
  2112 | D:3      | Got the Grimoire of Enchanting Ice
  2113 | D:3      | Found a snail-covered altar of Cheibriados.
  2604 | D:3      | Was forgiven by Uskayaw
  2622 | D:3      | Reached XP level 7. HP: 46/59 MP: 10/10
  2787 | D:3      | Noticed Ijyb
  2801 | D:3      | Killed Ijyb
  3975 | D:4      | Found a shimmering altar of Xom.
  3975 | D:4      | Found a broken altar of Ashenzari.
  4125 | D:4      | You fall into a shaft and drop 2 floors!
  4359 | D:6      | Reached XP level 8. HP: 64/67 MP: 12/12
  4392 | D:5      | Entered Level 5 of the Dungeon
  4425 | D:5      | Found Isor's Magic Scroll Boutique.
  4433 | D:5      | Bought a scroll of identify for 28 gold pieces
  4433 | D:5      | Bought a scroll of identify for 28 gold pieces
  4433 | D:5      | Bought a scroll of identify for 28 gold pieces
  4433 | D:5      | Bought a scroll of identify for 28 gold pieces
  4433 | D:5      | Bought a scroll of identify for 28 gold pieces
  4468 | D:5      | Found a glowing drain.
  4492 | Sewer    | Entered a sewer
  4531 | Sewer    | Noticed Pargi
  4546 | Sewer    | Killed Pargi
  5535 | D:5      | Noticed Eustachio
  5692 | D:5      | Killed Eustachio
  6190 | D:6      | Found an ancient bone altar of Kikubaaqudgha.
  6253 | D:6      | Reached XP level 9. HP: 48/72 MP: 14/14
  6639 | D:6      | Found a staircase to the Ecumenical Temple.
  6676 | Temple   | Entered the Ecumenical Temple
  7137 | Temple   | Became a worshipper of the Wu Jian Council
  7295 | D:6      | Noticed a kobold demonologist
  7297 | D:6      | Noticed a komodo dragon
  7307 | D:6      | Noticed a red devil
  7307 | D:6      | Killed a kobold demonologist
  7313 | D:6      | Mangled by a komodo dragon

Illustrated notes

Levels and vault maps discovered:
D:1:      minmay_arrival_plants_in_alcoves, layout_basic, basic_ecumenical_altar
D:2:      layout_rooms, serial_shops, shop, uniq_sigmund,
          uniq_crazy_yiuf_cottage
D:3:      wad_river_or_something, layout_loops_ring, slow_altar_1, serial_glass,
          glass_columns_c, glass_columns_c, serial_park_tiny_2,
          grunt_ministairs_2, uniq_jessica, uniq_ijyb
D:4:      layout_loops_cross, chequers_temple_overflow_statue_of_worship,
          nicolae_hepliaklqana_hippocampus, grunt_decor_resistance,
          serial_park_tiny_1
D:5:      layout_loops_ring, portal_sewer_entry_b, serial_shops,
          nicolae_shop_stone, minmay_misc_feat_encased, uniq_eustachio
D:6:      layout_rooms, tgw_kikubaaqudgha, minmay_temple_entry_large_hall,
          minmay_small_thing
Temple:   compressed_dpeg_triangle_lava_temple

Skill      XL: |  1  2  3  4  5  6  7  8  9 |
---------------+----------------------------+-----
Invocations    | 1 2 3 4 |  4.6
Short Blades   | 1 2 3 4 |  4.2
Long Blades    | 1 2 3 4 |  4.2
Maces & Flails | 1 2 3 4 |  4.2
Polearms       | 1 2 3 4 |  4.2
Staves         | 1 2 3 4 |  4.2
Slings         | 1 2 3 4 |  4.2
Bows           | 1 2 3 4 |  4.2
Crossbows      | 1 2 3 4 |  4.2
Throwing       | 1 2 3 4 |  4.2
Dodging        | 1 2 3 4 |  4.2
Stealth        | 1 2 3 4 |  4.2
Unarmed Combat | 1 2 3 4 |  4.2
Spellcasting   | 1 2 3 4 |  4.2
Conjurations   | 1 2 3 |  3.4
Hexes          | 1 2 3 |  3.4
Summonings     | 1 2 3 |  3.4
Necromancy     | 1 2 3 |  3.4
Translocations | 1 2 3 |  3.4
Transmutations | 1 2 3 |  3.4
Fire Magic     | 1 2 3 |  3.4
Ice Magic      | 1 2 3 |  3.4
Air Magic      | 1 2 3 |  3.4
Earth Magic    | 1 2 3 |  3.4
Poison Magic   | 1 2 3 |  3.4
Evocations     | 1 2 3 4 |  4.2
Axes           | 5 6 |  6.3
Fighting       | 7 |  7.9
Armour         | 7 |  7.9
Shields        | 7 |  7.9

Action                   |  1- 3 |  4- 6 |  7- 9 || total
-------------------------+-------+-------+-------++-------
Melee: War axe           |   103 |   109 |   337 ||   549
       Bite              |     6 |    14 |    32 ||    52
Invok: Renounce Religion |     1 |       |       ||     1
  Use: Scroll            |     5 |     3 |     9 ||    17
       Potion            |     1 |     1 |       ||     2
Armor: Chain mail        |    99 |    59 |    55 ||   213
       Scale mail        |     4 |       |       ||     4
       Plate armour      |       |       |   234 ||   234
Dodge: Dodged            |    45 |    36 |   143 ||   224
Block: Buckler           |    41 |    29 |   135 ||   205

Table legend: (Time is in decaauts)
 A = Elapsed time spent in this place.
 B = Non-inter-level travel time spent in this place.
 C = Inter-level travel time spent in this place.
 D = Time resting spent in this place.
 E = Time spent auto-exploring this place.
 F = Levels seen in this place.
 G = Mean time per level.
                   A        B        C        D        E       F      G
               +--------+--------+--------+--------+--------+-----+--------+
         Total |   7473 |   7332 |    141 |   1787 |   3764 |   8 |  934.1 |
       Dungeon |   6877 |   6748 |    129 |   1787 |   3354 |   6 | 1146.2 |
        Temple |    496 |    484 |     12 |      0 |    403 |   1 |  496.0 |
         Sewer |     99 |     99 |      0 |      0 |      7 |   1 |   99.0 |
               +--------+--------+--------+--------+--------+-----+--------+

Top non-repeatable levels by time:
     D:3: 1834 daAuts
     D:5: 1633 daAuts
     D:1: 1080 daAuts
     D:6: 1028 daAuts
     D:2: 821 daAuts
  Temple: 496 daAuts
     D:4: 479 daAuts
   Sewer: 99 daAuts
